AoeStats
← pierfranco.piccinni

Fortress

510360736Analyzed
1v1 RM · 11h ago on Sep 30, 2026· 43m 35s· 2 players
Game mode
Random Map
Map size
Small (3 player)
Population
200
Speed
Normal
Resources
Standard
Victory
Conquest
Starting age
Dark Age
Ending age
Imperial Age
RankedLock teamsTeams togetherTeam positionsShared explorationLock speedFull tech treeHidden civsTurbo modeCheats
Victory
Defeat
606
+18
🇷🇴 Lithuanians · Romania
646
-18
pierfranco.piccinni
11:06 Feudal Age
13:29 Wheelbarrow
14:00 Horse Collar
14:32 Gold Mining
15:00 Double-Bit Axe
17:53 Castle Age
17:01 Scale Barding Armor
17:07 Forging
19:56 Hand Cart
21:19 Chain Barding Armor
21:35 Iron Casting
21:52 Husbandry
23:01 Bow Saw
23:29 Gold Shaft Mining
23:04 Heavy Plow
26:16 Imperial Age
29:34 Plate Barding Armor
28:58 Cavalier
32:05 Conscription
33:10 Logistica
41:53 Elite Cataphract
Crispy
5:22 Loom
7:26 Feudal Age
8:03 Double-Bit Axe
9:27 Horse Collar
15:08 Castle Age
13:24 Gold Mining
17:13 Bow Saw
18:48 Wheelbarrow
18:40 Scale Barding Armor
20:26 Stone Mining
20:58 Husbandry
25:54 Hand Cart
29:23 Stone Shaft Mining
29:11 Scale Mail Armor
29:22 Forging
29:13 Padded Archer Armor
34:06 Imperial Age
36:52 Elite Leitis
37:06 Cavalier
39:07 Chain Barding Armor
40:26 Plate Barding Armor
41:47 Murder Holes
42:53 Chemistry
42:00 Paladin
Connection lost

Rejoining the realm…

Still unreachable

The connection could not be restored.

Session expired

The server has moved on; the page needs a fresh start.